Unix NetHack Version 5.0.0-0 post-release - last build May  4 2026 22:22:43 (774f63e81ad911689b3a0859ea89b322d5daca8d,branch:main).

Game began 2026-05-06 15:20:30, ended 2026-05-06 19:37:17.

Havs, lawful male human Knight

           ---
       ---.|...
    --|.....)..
    -.|-..%..--
   -..|....|.------
  |.....---|....@h.
  |<..---  ------..
  ----           -
Havs the Bachelor        St:14 Dx:10 Co:15 In:6 Wi:6 Ch:18  Lawful
Dlvl:5  $:126 HP:0(38) Pw:35(35) AC:3  Xp:6 T:5305  Burdened

Latest messages:
 You finish eating the newt corpse.
 There are 2 gnome corpses here; eat one? [ynq] (n) y
 This gnome corpse tastes okay.
 You finish eating the gnome corpse.
 There is a gnome corpse here; eat it? [ynq] (n) y
 Blecch!  Rotten food!
 The world spins and goes dark.
 You are conscious again.
 There is a partly eaten gnome corpse here; eat it? [ynq] (n) y
 You resume your meal.
 You finish eating the gnome corpse.
 With great effort you move the boulder.
 Really step into that bear trap? [yn] (n) n
 Really step into that bear trap? [yn] (n) n
 You swap places with the peaceful dwarf.
 You kill the lichen!
 You see here a lichen corpse.
 There is a lichen corpse here; eat it? [ynq] (n) y
 This lichen corpse tastes okay.
 You hear crashing rock.
 You hear crashing rock.
 You finish eating the lichen corpse.
 The dwarf pulls free of the bear trap.
 You fall down the stairs.
 You hear a door open.
 The gnome misses!
 You kill the gnome!
 You see here a partly used candle (lit).
 You have a little trouble lifting i - a partly used candle (lit).
 The gnome swings his bow.
 The gnome hits!
 The gnome swings his bow.
 The gnome hits!
 You kill the gnome!
 You kill the gnome!
 You hear crashing rock.
 You hear crashing rock.
 You hear crashing rock.
 You miss the dwarf.
 The dwarf swings her dwarvish mattock.
 The dwarf hits!
 You miss the dwarf.
 You hit the dwarf!
 The dwarf swings her dwarvish mattock.
 The dwarf hits!
 You miss the dwarf.
 The dwarf swings her dwarvish mattock.
 The dwarf hits!
 You die...
 Do you want your possessions identified? [ynq] (y) q

Inventory:
 Coins    ('$')
  $ - 126 gold pieces
 Weapons  (')')
  a - the blessed rustproof +1 Excalibur (weapon in right hand)
  b - a +1 lance (alternate weapon; not wielded)
 Armor    ('[')
  l - a cursed +0 dunce cap (being worn)
  f - an uncursed +0 pair of leather gloves (being worn)
  s - an uncursed +0 pair of jumping boots (being worn)
  e - an uncursed +0 small shield (being worn)
  c - a blessed +1 ring mail (being worn)
 Scrolls  ('?')
  v - an uncursed scroll of fire
 Potions  ('!')
  d - an uncursed potion of gain ability
 Rings    ('=')
  n - a cursed -4 ring of increase damage
 Wands    ('/')
  j - a wand of digging (0:5)
  u - a wand of speed monster (0:5)
 Tools    ('(')
  h - an uncursed sack containing 14 items
  y - an expensive camera (0:44)
  k - an uncursed lock pick
  g - an uncursed mirror
  i - an uncursed partly used wax candle (lit)
 Gems/Stones  ('*')
  p - 2 uncursed worthless pieces of blue glass
  w - an uncursed worthless piece of violet glass

Contents of the sack:
  12 uncursed apples
  11 uncursed carrots
  an uncursed lembas wafer
  an uncursed orange
  an uncursed scroll of identify
  an uncursed scroll of teleportation
  2 cursed scrolls of blank paper
  an uncursed scroll of blank paper
  4 uncursed potions of water
  a cursed potion of gain energy
  an uncursed potion of fruit juice
  an uncursed potion of see invisible
  2 uncursed potions of booze
  2 uncursed potions of healing

Havs the Knight's attributes:

Background:
 You were a Bachelor, a level 6 male human Knight.
 You were lawful, nominally on a mission for Lugh
 who was opposed by Brigit (neutral) and Manannan Mac Lir (chaotic).
 You were right-handed.
 You were in the Gnomish Mines, on level 5.
 You entered the dungeon 5305 turns ago.
 You had 590 experience points, 50 more were needed to attain level 7.

Basics:
 You had 0 out of 38 hit points.
 You had all 35 energy points (spell power).
 Your armor class was 3.
 Your wallet contained 126 zorkmids.
 Autopickup was off.

Final Characteristics:
 Your strength was 14 (limit:18/100).
 Your dexterity was 10 (limit:18).
 Your constitution was 15 (limit:18).
 Your intelligence was 6 (base:8, limit:18).
 Your wisdom was 6 (base:14, limit:18).
 Your charisma was 18 (limit:18).

Final Status:
 You weren't hungry.
 You were burdened; movement was slightly slowed.
 You were wielding a long sword.
 You were skilled in long sword.

Final Attributes:
 You were piously aligned.
 You were level-drain resistant.
 You were telepathic.
 You had automatic searching.
 You could jump.
 You were warded.
 You are dead.

Miscellaneous:
 You didn't encounter any bones levels.
 Total elapsed playing time was 3 hours, 24 minutes and 38 seconds.

Major events:
 Turn
    1: Havs the lawful male human Knight entered the dungeon
  921: attained the rank of Esquire (level 3)
 1053: entered the Gnomish Mines
 3628: was given Excalibur by the Lady of the Lake
 4364: attained the rank of Bachelor (level 6)
 5271: reached Mine Town
 5305: killed by a dwarf

You didn't know any spells.

Skills:
 Fighting Skills
   bare handed combat [Unskilled]
   two weapon combat  [Unskilled]
   riding             [Basic]
 Weapon Skills
   dagger             [Unskilled]
   knife              [Unskilled]
   axe                [Unskilled]
   pick-axe           [Unskilled]
   short sword        [Unskilled]
   broadsword         [Unskilled]
   long sword         [Skilled]
   two-handed sword   [Unskilled]
   saber              [Unskilled]
   club               [Unskilled]
   mace               [Unskilled]
   morning star       [Unskilled]
   flail              [Unskilled]
   hammer             [Unskilled]
   polearms           [Unskilled]
   spear              [Unskilled]
   trident            [Unskilled]
   lance              [Basic]
   bow                [Unskilled]
   crossbow           [Unskilled]
 Spellcasting Skills
   attack spells      [Unskilled]
   healing spells     [Unskilled]
   clerical spells    [Unskilled]

Voluntary challenges:
 Character rerolling was not enabled.
 You were an atheist.
 You never genocided any monsters.
 You never polymorphed an object.
 You never changed form.
 You used no wishes.
Achievements:
 You attained the rank of Esquire.
 You entered the Gnomish Mines.
 You attained the rank of Bachelor.
 You entered Minetown.

 The Dungeons of Doom: levels 1 to 5
    Level 1:
       Some fountains.
    Level 2:
       Some fountains, a grave.
       Stairs down to The Gnomish Mines.
    Level 3:
       A fountain.
    Level 4:
    Level 5:
       Many fountains.
       Oracle of Delphi.
 The Gnomish Mines: levels 3 to 5
    Level 3:
    Level 4:
    Level 5: <- You were here.
       Final resting place for
          you, killed by a dwarf.


Vanquished creatures:
  a horse
  a gnome ruler
  a rock mole
  a fog cloud
  a shrieker
  4 gnome leaders
  a gnomish wizard
  a kobold mummy
  2 elf zombies
  2 straw golems
  a paper golem
  6 giant ants
  2 floating eyes
  a dwarf
  4 homunculi
  a kobold shaman
  3 rothes
  a centipede
  3 giant bats
  a monkey
  7 iguanas
  a coyote
  2 gas spores
  a hobbit
  3 hobgoblins
  4 giant rats
  a cave spider
  2 green molds
 18 gnomes
  2 garter snakes
  a gnome zombie
  2 geckos
  9 jackals
  4 foxes
  a kobold
  4 goblins
  a sewer rat
 10 grid bugs
  2 bats
  7 lichens
  2 kobold zombies
  8 newts
130 creatures vanquished.

No species were genocided or became extinct.

Game over:
                       ----------
                      /          \
                     /    REST    \
                    /      IN      \
                   /     PEACE      \
                  /                  \
                  |       Havs       |
                  |      126 Au      |
                  |   killed by a    |
                  |      dwarf       |
                  |                  |
                  |                  |
                  |       2026       |
                 *|     *  *  *      | *
        _________)/\\_//(\/(/\)/\//\/|_)_______

Fare thee well Havs the Knight...

You died in The Gnomish Mines on dungeon level 5 with 2694 points,
and 126 pieces of gold, after 5305 moves.
You were level 6 with a maximum of 38 hit points when you died.

